 Dungeon Crawl Stone Soup version 0.30.0-29-ga12c61a403 (webtiles) character file.

Game seed: 15411881807014213146

86743 qw the Peltast (level 15, -12/76 HPs)
             Began as a Gargoyle Fighter on June 5, 2023.
             Was an Elder of Okawaru.
             Mangled by a profane servitor
             ... wielding a +3 demon whip of draining
              (15 damage)
             ... on level 3 of the Abyss.
             The game lasted 00:10:57 (19308 turns).

qw the Peltast (Gargoyle Fighter)                  Turns: 19308, Time: 00:10:57

Health: -12/76     AC: 42    Str: 32      XL:     15   Next: 88%
Magic:  22/22      EV:  9    Int:  5      God:    Okawaru [****..]
Gold:   1291       SH: 19    Dex:  6 (8)  Spells: 14/14 levels left

rFire   x x .        A - +5 broad axe of the Seer {vamp, Dex+3}
rCold   + . .        m - +0 tower shield
rNeg    + . .        q - +1 plate armour
rPois   inf          C - +1 hat {Will+}
rElec   +            l - +2 cloak {Will+}
rCorr   .            w - +0 pair of gloves of the Moon {rPois Str+5}
SInv    +            r - +1 pair of boots
Will    +++..        H - amulet of faith Stlth
                     E - +4 ring of protection
HPRegen 0.00/turn    c - ring of see invisible
MPRegen 0.18/turn

%: faith
@: heroic, flying, inhibited regen, wreathed by umbra, unable to read, unable to
drink
A: sickness immunity, AC +11, big wings, negative energy resistance 1,
electricity resistance, torment resistance 1, petrification resistance, talons
1, cold resistance 1, [clumsy 2], deterioration 1[+1], [dopey 2], [frail 2],
[inhibited regeneration], ([teleportitis 2]), [heat vulnerability 2], [inability
to drink after injury 2], [inability to read after injury 2]
a: Renounce Religion, Heroism, Finesse


You were on level 3 of the Abyss.
You worshipped Okawaru.
Okawaru was greatly pleased with you.
You visited 4 branches of the dungeon, and saw 22 of its levels.
You visited the Abyss 1 time.
You also visited: Sewer.

You collected 2505 gold pieces.
You spent 1214 gold pieces at shops.


Innate Abilities, Weirdness & Mutations

You are immune to sickness and miasma.
Your stone body is resilient. (AC +11)
You are immune to poison.
Your large and strong wings let you fly.
You resist negative energy. (rN+)
You are resistant to electric shocks. (rElec)
You are resistant to unholy torment.
You are immune to petrification.
You have sharp toenails.
Your flesh is cold resistant. (rC+)
[You are very clumsy. (Dex -4)]
[Your body often deteriorates upon taking damage.]
[You are very dopey. (Int -4)]
[You are very frail. (-20% HP)]
[You do not regenerate when monsters are visible.]
[((You are often teleported next to monsters.))]
[You are very vulnerable to heat. (rF--)]
[You sometimes lose the ability to drink potions when taking damage.]
[You sometimes lose the ability to read scrolls when taking damage.]


   Skills:
 + Level 11.6(16.6) Fighting
 - Level 15.0(20.0) Axes
 - Level 5.1(10.1) Throwing
 - Level 11.0(16.0) Armour
 - Level 3.2(8.2) Dodging
 - Level 16.0(21.0) Shields
 - Level 10.0 Invocations


You had 14 spell levels left.
You didn't know any spells.
Your spell library was empty.

Inventory:

Hand Weapons
 A - the +5 broad axe of the Seer (weapon) {vamp, Dex+3}
   (Okawaru gifted it to you on level 4 of the Lair of Beasts)

   Dex:       It affects your dexterity (+3).
 G - a +0 morningstar
 K - a +2 broad axe of electrocution
Missiles
 F - 4 boomerangs (quivered)
Armour
 h - the +1 cloak of Knowledge {Dex+3}
   (Okawaru gifted it to you on level 15 of the Dungeon)

   Dex:       It affects your dexterity (+3).
 l - a +2 cloak of willpower (worn)
 m - a +0 tower shield (worn)
 p - a +3 plate armour
 q - a +1 plate armour (worn)
 r - a +1 pair of boots (worn)
 v - +2 acid dragon scales
 w - the +0 pair of gloves of the Moon (worn) {rPois Str+5}
   (You found it on level 12 of the Dungeon)

   Str:       It affects your strength (+5).
   rPois:     It protects you from poison.
 C - a +1 hat of willpower (worn)
 I - a +0 helmet of intelligence
Jewellery
 c - a ring of see invisible (right hand)
 n - a ring of ice
 u - a ring of fire
 x - a ring of protection from cold
 y - a ring of fire
 E - a +4 ring of protection (left hand)
 H - an amulet of faith (around neck)
 J - an amulet of reflection
 Y - a ring of willpower
Wands
 B - a wand of digging (8)
Scrolls
 e - 9 scrolls of identify
 o - 2 scrolls of enchant weapon
 z - 14 scrolls of teleportation
Potions
 a - 3 potions of lignification
 b - 2 potions of attraction
 d - 7 potions of might
 f - 14 potions of heal wounds
 g - 9 potions of curing
 i - 6 potions of haste
 j - 2 potions of resistance
 k - a potion of cancellation
 s - a potion of mutation
 t - 2 potions of magic

Dungeon Overview and Level Annotations

Branches:
Dungeon (15/15)            Temple (1/1) D:6            Lair (5/5) D:8
 Shoals (0/4) Lair:3        Snake (0/4) Lair:2        Slime (0/5) Lair:4
    Orc (1/2) D:10         Vaults (0/5) D:13         Depths (0/4) D:15
  Sewer (visited)

Altars:
Ashenzari
Cheibriados
Dithmenos
Elyvilon
Fedhas
Gozag
Hepliaklqana
Kikubaaqudgha
Makhleb
Nemelex Xobeh
Okawaru
Qazlal
Ru
Sif Muna
Trog
Uskayaw
Vehumet
Wu Jian
Xom
Yredelemnul
Zin
The Shining One

Shops:
D:3 *   D:4 *   D:11 ?   D:12 *   D:13 *

Annotations:
D:3 1 runed translucent door, Crazy Yiuf
D:6 1 runed translucent door, qw's ghost, novice GrFi
Lair:3 1 runed translucent door, qw's ghost, journeyman GrFi
Lair:4 1 runed translucent door
Orc:1 exclusion: orc knight


Message History

The wretched star pulses with an eldritch light!
You feel your body start to fall apart.
You slice the wretched star!!
The wretched star is almost destroyed.
You miss the profane servitor.
You block the profane servitor's attack.
The profane servitor hits you with a +3 demon whip of draining!
You feel threatened and lose the ability to read scrolls!
You feel threatened and lose the ability to drink potions!
Your body deteriorates!
You feel clumsy.
The raiju bursts into living lightning!
The living lightning misses you.
The living lightning hits the wretched star.
The wretched star resists.
The raiju blinks!
You miss the wretched star.
The wretched star is almost destroyed.
You completely miss the profane servitor.
The profane servitor hits you with a +3 demon whip of draining. x2
The wretched star glows turbulently.
The lance of force hits you!!
Your body deteriorates!
You feel clumsy.
You are knocked back by the lance of force.
You collide with the profane servitor!
You slice the wretched star!!
You destroy the wretched star!
Okawaru accepts your kill.
You barely miss the profane servitor.
The profane servitor hits you but does no damage. x2
You slash the profane servitor!
The profane servitor is lightly damaged.
You block the profane servitor's attack.
The profane servitor hits you but does no damage.
The raiju bursts into living lightning!
The living lightning hits you. You resist.
The raiju blinks!
You block the profane servitor's attack.
The profane servitor hits you with a +3 demon whip of draining.
You closely miss the profane servitor.
The profane servitor is lightly damaged.
The profane servitor hits you with a +3 demon whip of draining!
You die...

.##.........
..........# .
......... .
..##..#.#h. ...
..........#..#.
...#......#.......
.......A...#.#. .
#....@.........
#...#........ ..
#.......##... .
.....ยค...# .....
...##..#..# .#.
........... ......
......###...... ..
#.... ##... ....
>.... # .# ###


You could see a profane servitor and a raiju.

Vanquished Creatures
  Gastronok (Lair:2)
  Agnes (D:15)
  Kirke (Lair:4)
  2 ettins
  Snorg (D:14)
  A yaktaur captain (D:13)
  4 hydras
  2 ogre magi (D:15)
  Erica (D:10)
  7 two-headed ogres
  A catoblepas (Lair:5)
  2 boulder beetles
  5 centaur warriors
  A death knight (D:15)
  Urug (D:10)
  A tengu warrior (D:15)
  2 orc high priests (Orc:1)
  5 skeletal warriors
  3 skysharks
  A wretched star (Abyss:3)
  Lodul (D:10)
  3 deep trolls
  A lindwurm (Lair:5)
  Pikel (D:7)
  A wizard (D:15)
  8 orc knights (Orc:1)
  3 deep elf pyromancers
  2 manticores (D:14)
  An orc sorcerer (Orc:1)
  6 ugly things
  A worldbinder (Abyss:3)
  4 black mambas
  3 cyclopes
  Maurice (D:10)
  A guardian serpent (shapeshifter) (D:14)
  15 elephants
  11 cane toads
  2 unseen horrors
  A rime drake (D:8)
  Maggie (Lair:2)
  7 komodo dragons
  2 yaktaurs (D:13)
  2 efreet
  A tengu conjurer (D:15)
  A freezing wraith (D:15)
  8 polar bears
  2 trolls
  Grinder (D:3)
  6 hornets
  Prince Ribbit (D:7)
  19 blink frogs
  A snapping turtle (Lair:3)
  7 dream sheep
  2 centaur simulacra (D:14)
  5 slime creatures (D:14)
  13 spriggans
  Sigmund (D:6)
  2 vampires
  3 wraiths
  3 wyverns
  31 yaks
  A hog (shapeshifter) (D:14)
  4 basilisks
  6 hogs (Lair:4)
  Eustachio (D:4)
  11 vampire mosquitoes
  3 wargs (Orc:1)
  Menkaure (D:7)
  2 steam dragons
  3 nagas (Lair:2)
  3 acid dragons
  8 water moccasins
  6 black bears
  13 orc warriors
  5 ice beasts
  3 sky beasts
  14 ogres
  4 boggarts (Lair:5)
  24 wolves
  11 centaurs
  A lemure (D:7)
  A phantom (D:5)
  3 kobold brigands
  13 bullfrogs
  A gnoll sergeant (D:12)
  A scorpion (D:6)
  A small abomination (Abyss:3)
  10 wights (D:9)
  5 killer bees (D:11)
  3 howler monkeys
  5 electric eels
  A quasit (Sewer)
  7 hounds
  4 orc priests
  A gnoll bouda (D:5)
  A jelly (D:7)
  Jessica (D:3)
  2 sleepcaps
  Ijyb (D:4)
  An iguana (D:5)
  8 orc wizards
  11 gnolls
  5 adders
  5 shadow imps
  A white imp (D:7)
  7 ufetubi
  3 worms
  32 orcs
  A bat zombie (Sewer)
  6 endoplasms
  5 giant cockroaches
  7 hobgoblins
  6 quokkas
  8 ball pythons
  4 bats
  3 frilled lizards (D:1)
  10 goblins
  20 kobolds
  4 rats
560 creatures vanquished.

Vanquished Creatures (others)
  An endoplasm (Sewer)
  A ball python zombie (D:3)
  A giant cockroach zombie (Sewer)
  A kobold zombie (Sewer)
4 creatures vanquished.

Grand Total: 564 creatures vanquished

Notes
Turn   | Place    | Note
-------+----------+-------------------------------------------
     0 | D:1      | qw the Gargoyle Fighter began the quest for the Orb.
     0 | D:1      | Reached XP level 1. HP: 14/14 MP: 1/1
     0 | D:1      | 0 ||| qw: Version: 0.2-a-108-gee2c290
     0 | D:1      | 0 ||| qw: Game counter: 1500
     0 | D:1      | 0 ||| qw: Always use a shield: true
     0 | D:1      | 0 ||| qw: God list: Okawaru
     0 | D:1      | 0 ||| qw: Allow faded altars: false
     0 | D:1      | 0 ||| qw: Do Orc after D:15 true
     0 | D:1      | 0 ||| qw: Do second Lair branch before Depths: true
     0 | D:1      | 0 ||| qw: Lair rune preference: random
     0 | D:1      | 0 ||| qw: Plans: Normal, Zot:1-4, Slime:5, God:TSO, Crypt,
                  | Tomb, Abyss, Pan, Hells, Win
     0 | D:1      | 0 ||| PLANNING D:1-11
   196 | D:1      | Reached XP level 2. HP: 19/19 MP: 2/2
   562 | D:1      | 562 ||| Stepping ~*~*~tactically~*~*~ (stealth).
   634 | D:1      | Reached skill level 3 in Axes
   741 | D:1      | Reached XP level 3. HP: 23/23 MP: 3/3
   964 | D:1      | 964 ||| UPGRADING to +2 cloak of willpower.
   969 | D:1      | 969 ||| READING scroll labelled OMUES ESUH JIM.
   970 | D:1      | 970 ||| READING scroll labelled GELATAMNUYPTO.
   971 | D:1      | 971 ||| READING scroll labelled QIPPAU QE WOF.
   972 | D:1      | 972 ||| READING scroll labelled PEILAU WOGUN.
   973 | D:1      | 973 ||| READING scroll labelled SUTAFY IREN.
   974 | D:1      | 974 ||| DRINKING 3 metallic grey potions.
  1088 | D:2      | Identified the +8 dagger of Orakki {heavy, rPois Str+5}
  1255 | D:2      | 1255 ||| DROPPING +0 mace.
  1816 | D:2      | 1816 ||| UPGRADING to +0 tower shield.
  1826 | D:2      | 1826 ||| DROPPING +0 buckler.
  1827 | D:2      | 1827 ||| READING scroll labelled DEFOHE IPUL.
  1828 | D:2      | 1828 ||| READING scroll labelled JUPUC EMMEOV.
  1829 | D:2      | 1829 ||| READING scroll labelled QECLOEN RUTAGH.
  1930 | D:2      | 1930 ||| READING scroll labelled INKICHON NEALE.
  1931 | D:2      | 1931 ||| DRINKING 2 metallic inky potions.
  1932 | D:2      | 1932 ||| DRINKING 3 blue potions.
  2005 | D:3      | Found a runed translucent door.
  2006 | D:3      | Noticed Crazy Yiuf
  2029 | D:3      | Noticed Grinder
  2030 | D:3      | 2030 ||| Stepping ~*~*~tactically~*~*~ (hiding).
  2039 | D:3      | Killed Grinder
  2040 | D:3      | Reached skill level 6 in Shields
  2040 | D:3      | Reached XP level 4. HP: 28/28 MP: 4/4
  2040 | D:3      | Reached XP level 5. HP: 32/32 MP: 5/5
  2040 | D:3      | Reached XP level 6. HP: 37/37 MP: 6/6
  2122 | D:3      | Found an opulent altar of Gozag.
  2125 | D:3      | Found Gozag's Platinum Reserve.
  2133 | D:3      | 2133 ||| SHOPLISTING +2 pair of boots "Zyitis" {rPois Str+4
                  | Int+5} (4460 gold, have 57).
  2133 | D:3      | 2133 ||| SHOPLISTING +2 ring mail of Pragmatism {Will+
                  | Str+3} (3290 gold, have 57).
  2133 | D:3      | 2133 ||| SHOPLISTING +9 whip "Kekiosai" {drain, Drain rN+
                  | Int+6 Dex+3} (7400 gold, have 57).
  2205 | D:3      | 2205 ||| Stepping ~*~*~tactically~*~*~ (hiding).
  2489 | D:3      | Found a broken altar of Ashenzari.
  2494 | D:3      | Noticed Jessica
  2501 | D:3      | Killed Jessica
  2533 | D:3      | 2533 ||| Stepping ~*~*~tactically~*~*~ (stealth).
  2648 | D:3      | 2648 ||| Stepping ~*~*~tactically~*~*~ (stealth).
  2692 | D:3      | Found a glowing golden altar of the Shining One.
  2692 | D:3      | Found a glowing silver altar of Zin.
  2692 | D:3      | Found a white marble altar of Elyvilon.
  2752 | D:3      | 2752 ||| UPGRADING to ring of willpower.
  2753 | D:3      | 2753 ||| READING scroll labelled VANUOBEAFO.
  2787 | D:4      | 2787 ||| PLANNING SEWER
  2806 | D:4      | Reached skill level 7 in Shields
  2807 | D:4      | Found Xiuja's Assorted Antiques.
  2811 | D:4      | Noticed Ijyb
  2812 | D:4      | 2812 ||| Stepping ~*~*~tactically~*~*~ (hiding).
  2813 | D:4      | 2813 ||| Stepping ~*~*~tactically~*~*~ (hiding).
  2814 | D:4      | 2814 ||| Stepping ~*~*~tactically~*~*~ (hiding).
  2815 | D:4      | 2815 ||| Stepping ~*~*~tactically~*~*~ (hiding).
  2816 | D:4      | 2816 ||| Stepping ~*~*~tactically~*~*~ (hiding).
  2832 | D:4      | Killed Ijyb
  2910 | D:4      | 2910 ||| BUYING potion of curing (96 gold).
  2910 | D:4      | Bought a potion of curing for 96 gold pieces
  2910 | D:4      | 2910 ||| SHOPLISTING potion of curing (96 gold, have 3).
  2910 | D:4      | 2910 ||| SHOPLISTING scroll labelled NUGHIL KAVEMUR (32
                  | gold, have 3).
  2933 | D:4      | Found a glowing drain.
  2937 | D:4      | 2937 ||| UPGRADING to +0 chain mail.
  2947 | D:4      | 2947 ||| DROPPING +0 scale mail.
  2948 | D:4      | 2948 ||| DROPPING +2 cloak.
  2949 | D:4      | 2949 ||| READING scroll labelled ZUZASKEFUON.
  2958 | Sewer    | Entered a sewer
  3054 | Sewer    | Reached XP level 7. HP: 41/41 MP: 7/7
  3106 | Sewer    | Found a burning altar of Makhleb.
  3128 | Sewer    | Reached skill level 8 in Shields
  3152 | Sewer    | 3152 ||| Stepping ~*~*~tactically~*~*~ (hiding).
  3283 | Sewer    | 3283 ||| READING scroll labelled ZUPLU EXINKEF.
  3284 | Sewer    | 3284 ||| READING scroll labelled NUGHIL KAVEMUR.
  3287 | Sewer    | 3287 ||| READING scroll labelled HODAPS RARIGEA.
  3288 | Sewer    | 3288 ||| DRINKING 2 cyan potions.
  3301 | D:4      | 3301 ||| PLANNING D:1-11
  3353 | D:4      | Found a hazy altar of Hepliaklqana.
  3360 | D:4      | Found an ornate altar of the Wu Jian Council.
  3360 | D:4      | Found a sacrificial altar of Ru.
  3361 | D:4      | Found a bloodstained altar of Trog.
  3595 | D:4      | Noticed Eustachio
  3596 | D:4      | 3596 ||| Stepping ~*~*~tactically~*~*~ (stealth).
  3612 | D:4      | Killed Eustachio
  3613 | D:4      | Reached XP level 8. HP: 46/46 MP: 8/8
  3767 | D:4      | 3767 ||| UPGRADING to +0 plate armour.
  3777 | D:4      | 3777 ||| DROPPING +0 chain mail.
  3778 | D:4      | 3778 ||| UPGRADING to +0 pair of gloves.
  3785 | D:5      | Entered Level 5 of the Dungeon
  3893 | D:5      | Found a stormy altar of Qazlal.
  4020 | D:5      | 4020 ||| FLEEEEING.
  4021 | D:5      | 4021 ||| FLEEEEING.
  4022 | D:5      | 4022 ||| FLEEEEING.
  4023 | D:5      | 4023 ||| FLEEEEING.
  4061 | D:5      | 4061 ||| SWAPPING to +2 war axe of electrocution.
  4062 | D:5      | 4062 ||| DROPPING +1 war axe of chaos.
  4080 | D:5      | Reached skill level 9 in Shields
  4089 | D:5      | HP: 12/48 [gnoll/+0 spear[a gnoll bouda] (2)]
  4090 | D:5      | 4090 ||| DRINKING 3 potions of heal wounds.
  4131 | D:5      | 4131 ||| DROPPING +0 heavy mace.
  4135 | D:5      | 4135 ||| READING scroll of brand weapon.
  4135 | D:5      | 4135 ||| BRANDING +2 war axe of electrocution.
  4165 | D:5      | Noticed a hornet
  4168 | D:5      | Killed a hornet
  4169 | D:5      | Reached skill level 6 in Axes
  4508 | D:5      | 4508 ||| DRINKING 2 golden potions.
  4509 | D:5      | 4509 ||| DRINKING 5 potions of curing.
  4509 | D:5      | 4509 ||| (to cure confusion)
  4510 | D:5      | 4510 ||| DRINKING 2 murky orange potions.
  4511 | D:5      | 4511 ||| DROPPING potion of ambrosia.
  4512 | D:5      | 4512 ||| DROPPING potion of flight.
  4710 | D:6      | Reached XP level 9. HP: 52/52 MP: 9/9
  4762 | D:6      | Found a runed translucent door.
  4763 | D:6      | Noticed qw's ghost (novice GrFi)
  4895 | D:6      | Noticed Sigmund
  4901 | D:6      | Killed Sigmund
  4902 | D:6      | Reached skill level 10 in Shields
  4961 | D:6      | Found a staircase to the Ecumenical Temple.
  4962 | D:6      | 4962 ||| PLANNING TEMPLE
  4962 | D:6      | 4962 ||| UPGRADING to ring of see invisible.
  4972 | Temple   | Entered the Ecumenical Temple
  4973 | Temple   | 4973 ||| PLANNING OKAWARU WORSHIP
  4977 | Temple   | Became a worshipper of Warmaster Okawaru
  4977 | Temple   | 4977 ||| PLANNING D:1-11
  5186 | D:7      | 5186 ||| Stepping ~*~*~tactically~*~*~ (stealth).
  5209 | D:7      | Reached skill level 1 in Throwing
  5302 | D:7      | 5302 ||| Stepping ~*~*~tactically~*~*~ (stealth).
  5304 | D:7      | 5304 ||| Stepping ~*~*~tactically~*~*~ (hiding).
  5435 | D:7      | Noticed Menkaure
  5436 | D:7      | 5436 ||| Stepping ~*~*~tactically~*~*~ (hiding).
  5446 | D:7      | Killed Menkaure
  5490 | D:7      | 5490 ||| FLEEEEING.
  5547 | D:7      | 5547 ||| Stepping ~*~*~tactically~*~*~ (cloud).
  5635 | D:7      | Reached skill level 1 in Dodging
  5797 | D:7      | Noticed Pikel
  5804 | D:7      | Killed Pikel
  5804 | D:7      | Reached * piety under Okawaru
  5805 | D:7      | Reached skill level 6 in Fighting
  5805 | D:7      | 5805 ||| INVOKING Heroism.
  5805 | D:7      | Noticed Prince Ribbit
  5808 | D:7      | Reached skill level 1 in Invocations
  5809 | D:7      | Reached XP level 10. HP: 45/61 MP: 7/10
  5811 | D:7      | Killed Prince Ribbit
  5971 | D:7      | Found a shimmering altar of Xom.
  6225 | D:7      | 6225 ||| UPGRADING to +2 pair of gloves.
  6235 | D:7      | 6235 ||| DROPPING +0 pair of gloves.
  6236 | D:7      | 6236 ||| READING 2 scrolls of identify.
  6236 | D:7      | 6236 ||| IDENTIFYING metallic brown potion
  6281 | D:8      | 6281 ||| STAIRDANCE
  6339 | D:8      | 6339 ||| STAIRDANCE
  6341 | D:7      | Reached ** piety under Okawaru
  6342 | D:7      | Reached skill level 3 in Invocations
  6401 | D:8      | Found a staircase to the Lair.
  6459 | D:8      | 6459 ||| INVOKING Heroism.
  6472 | D:8      | 6472 ||| Stepping ~*~*~tactically~*~*~ (stealth).
  6494 | D:8      | 6494 ||| Stepping ~*~*~tactically~*~*~ (stealth).
  6590 | D:8      | Reached skill level 11 in Shields
  6662 | D:8      | Found a sparkling altar of Nemelex Xobeh.
  6689 | D:8      | You fall into a shaft and drop 1 floor!
  6714 | D:9      | Reached *** piety under Okawaru
  6859 | D:9      | 6859 ||| INVOKING Heroism.
  6861 | D:9      | Reached skill level 9 in Axes
  6944 | D:8      | 6944 ||| INVOKING Heroism.
  6962 | D:8      | Reached skill level 3 in Throwing
  7258 | D:8      | 7258 ||| Stepping ~*~*~tactically~*~*~ (hiding).
  7268 | D:8      | 7268 ||| Stepping ~*~*~tactically~*~*~ (hiding).
  7269 | D:8      | 7269 ||| Stepping ~*~*~tactically~*~*~ (hiding).
  7270 | D:8      | 7270 ||| Stepping ~*~*~tactically~*~*~ (hiding).
  7453 | D:8      | 7453 ||| PLANNING LAIR
  7453 | D:8      | 7453 ||| READING scroll labelled MYAJUC MURIKI.
  7498 | Lair:1   | Entered Level 1 of the Lair of Beasts
  7511 | Lair:1   | 7511 ||| Stepping ~*~*~tactically~*~*~ (stealth).
  7516 | Lair:1   | 7516 ||| INVOKING Heroism.
  7522 | Lair:1   | Reached XP level 11. HP: 34/66 MP: 12/14
  7684 | Lair:1   | 7684 ||| INVOKING Heroism.
  7690 | Lair:1   | Reached skill level 12 in Shields
  7721 | Lair:1   | 7721 ||| INVOKING Heroism.
  7767 | Lair:1   | 7767 ||| INVOKING Heroism.
  7773 | Lair:1   | Reached skill level 6 in Armour
  7798 | Lair:1   | 7798 ||| INVOKING Heroism.
  7927 | Lair:1   | 7927 ||| READING scroll of enchant armour.
  7927 | Lair:1   | 7927 ||| ENCHANTING +0 plate armour.
  8150 | Lair:1   | 8150 ||| INVOKING Heroism.
  8269 | Lair:1   | 8269 ||| READING scroll labelled QEMNAP URAEKH.
  8270 | Lair:1   | 8270 ||| DRINKING 2 inky potions.
  8271 | Lair:1   | 8271 ||| READING 2 scrolls of identify.
  8271 | Lair:1   | 8271 ||| IDENTIFYING coppery potion
  8272 | Lair:1   | 8272 ||| DROPPING potion of invisibility.
  8361 | Lair:2   | 8361 ||| INVOKING Heroism.
  8376 | Lair:2   | 8376 ||| INVOKING Heroism.
  8399 | Lair:2   | 8399 ||| Stepping ~*~*~tactically~*~*~ (stealth).
  8406 | Lair:2   | 8406 ||| FLEEEEING.
  8527 | Lair:2   | 8527 ||| Stepping ~*~*~tactically~*~*~ (hiding).
  8585 | Lair:2   | 8585 ||| DROPPING +1 mace of holy wrath.
  8616 | Lair:2   | 8616 ||| Stepping ~*~*~tactically~*~*~ (hiding).
  8638 | Lair:2   | 8638 ||| INVOKING Heroism.
  8652 | Lair:2   | Found a staircase to the Snake Pit.
  8659 | Lair:2   | 8659 ||| INVOKING Heroism.
  8661 | Lair:2   | Noticed Maggie
  8666 | Lair:2   | Reached skill level 13 in Shields
  8667 | Lair:2   | Reached **** piety under Okawaru
  8671 | Lair:2   | Killed Maggie
  8827 | Lair:2   | You fall into a shaft and drop 2 floors!
  8834 | Lair:4   | 8834 ||| UPGRADING to +0 pair of boots.
  8839 | Lair:4   | 8839 ||| DRINKING 2 purple potions.
  8839 | Lair:4   | Gained mutation: You have hidden genetic potential. [potion
                  | of mutation]
  8839 | Lair:4   | Gained mutation: Your flesh is cold resistant. (rC+)
                  | [potion of mutation]
  8839 | Lair:4   | Gained mutation: You have sharp toenails. [potion of
                  | mutation]
  8841 | Lair:4   | 8841 ||| INVOKING Heroism.
  8859 | Lair:3   | 8859 ||| INVOKING Heroism.
  8876 | Lair:3   | Reached XP level 12. HP: 58/72 MP: 14/16
  9010 | Lair:3   | 9010 ||| READING scroll of enchant armour.
  9010 | Lair:3   | 9010 ||| ENCHANTING +0 pair of boots.
  9115 | Lair:3   | 9115 ||| DRINKING 2 sedimented coppery potions.
  9120 | Lair:3   | Found a runed translucent door.
  9132 | Lair:2   | 9132 ||| INVOKING Heroism.
  9134 | Lair:2   | Reached skill level 6 in Invocations
  9311 | Lair:2   | 9311 ||| Stepping ~*~*~tactically~*~*~ (stealth).
  9314 | Lair:2   | 9314 ||| INVOKING Heroism.
  9327 | Lair:2   | 9327 ||| INVOKING Heroism.
  9686 | Lair:2   | Noticed Gastronok
  9687 | Lair:2   | 9687 ||| INVOKING Heroism.
  9693 | Lair:2   | Killed Gastronok
  9745 | Lair:2   | 9745 ||| UPGRADING to +0 helmet.
  9750 | Lair:2   | 9750 ||| UPGRADING to +1 hat of willpower.
  9797 | Lair:3   | Identified the +5 trident "Hicinnet" {pain, rPois Will-
                  | Dex+4}
  9803 | Lair:3   | Noticed qw's ghost (journeyman GrFi)
  9824 | Lair:3   | 9824 ||| INVOKING Heroism.
 10194 | Lair:3   | Found a staircase to the Shoals.
 10525 | Lair:3   | 10525 ||| DROPPING amulet of magic regeneration.
 10569 | Lair:4   | 10569 ||| INVOKING Heroism.
 10623 | Lair:4   | Noticed a skyshark
 10632 | Lair:4   | Killed a skyshark
 10632 | Lair:4   | Reached ***** piety under Okawaru
 10726 | Lair:4   | 10726 ||| Stepping ~*~*~tactically~*~*~ (stealth).
 10730 | Lair:4   | 10730 ||| INVOKING Heroism.
 10732 | Lair:4   | Gained mutation: You are partially covered in iridescent
                  | scales. (AC +2) [hidden potential]
 10743 | Lair:4   | Identified the +5 broad axe of the Seer {vamp, Dex+3}
                  | (Okawaru gifted it to you on level 4 of the Lair of Beasts)
 10743 | Lair:4   | Received a gift from Okawaru
 10897 | Lair:4   | 10897 ||| SWAPPING to +5 broad axe of the Seer {vamp,
                  | Dex+3}.
 10955 | Lair:4   | Found a runed translucent door.
 10955 | Lair:4   | Noticed an acid blob
 11008 | Lair:4   | 11008 ||| Stepping ~*~*~tactically~*~*~ (stealth).
 11009 | Lair:4   | 11009 ||| INVOKING Heroism.
 11012 | Lair:4   | 11012 ||| Stepping ~*~*~tactically~*~*~ (stealth).
 11027 | Lair:4   | Reached skill level 9 in Invocations
 11038 | Lair:4   | 11038 ||| INVOKING Heroism.
 11044 | Lair:4   | Noticed Kirke
 11044 | Lair:4   | 11044 ||| INVOKING Finesse.
 11048 | Lair:4   | Reached XP level 13. HP: 78/78 MP: 12/20
 11064 | Lair:4   | Killed Kirke
 11204 | Lair:4   | 11204 ||| INVOKING Heroism.
 11205 | Lair:4   | 11205 ||| INVOKING Finesse.
 11212 | Lair:4   | 11212 ||| SWAPPING to +2 heavy flail.
 11218 | Lair:4   | Received a gift from Okawaru
 11219 | Lair:4   | 11219 ||| SWAPPING to +5 broad axe of the Seer {vamp,
                  | Dex+3}.
 11454 | Lair:4   | Found a staircase to the Slime Pits.
 11454 | Lair:4   | Noticed an acid blob
 11508 | Lair:4   | 11508 ||| DROPPING +1 pair of gloves.
 11509 | Lair:4   | 11509 ||| UPGRADING to +4 ring of protection.
 11511 | Lair:4   | 11511 ||| READING 2 scrolls of identify.
 11511 | Lair:4   | 11511 ||| IDENTIFYING dark potion
 11512 | Lair:4   | 11512 ||| DROPPING potion of brilliance.
 11530 | Lair:5   | Entered Level 5 of the Lair of Beasts
 11536 | Lair:5   | 11536 ||| STAIRDANCE
 11557 | Lair:5   | 11557 ||| INVOKING Heroism.
 11588 | Lair:5   | Reached skill level 9 in Fighting
 11588 | Lair:5   | Received a gift from Okawaru
 11597 | Lair:5   | 11597 ||| INVOKING Heroism.
 11612 | Lair:5   | Gained mutation: You are strong-willed. (Will+) [hidden
                  | potential]
 11612 | Lair:5   | Lost mutation: You have hidden genetic potential. [hidden
                  | potential expressed]
 11639 | Lair:5   | Reached skill level 14 in Shields
 11654 | Lair:5   | 11654 ||| INVOKING Heroism.
 11657 | Lair:5   | 11657 ||| Stepping ~*~*~tactically~*~*~ (stealth).
 11659 | Lair:5   | 11659 ||| SWAPPING to +2 heavy flail.
 11662 | Lair:5   | 11662 ||| SWAPPING to +5 broad axe of the Seer {vamp,
                  | Dex+3}.
 11692 | Lair:5   | 11692 ||| INVOKING Heroism.
 11849 | Lair:5   | 11849 ||| INVOKING Heroism.
 11852 | Lair:5   | 11852 ||| SWAPPING to +2 heavy flail.
 11856 | Lair:5   | 11856 ||| SWAPPING to +5 broad axe of the Seer {vamp,
                  | Dex+3}.
 11971 | Lair:5   | 11971 ||| INVOKING Heroism.
 12006 | Lair:5   | 12006 ||| Stepping ~*~*~tactically~*~*~ (hiding).
 12007 | Lair:5   | 12007 ||| Stepping ~*~*~tactically~*~*~ (hiding).
 12009 | Lair:5   | 12009 ||| INVOKING Heroism.
 12017 | Lair:5   | Reached skill level 12 in Axes
 12072 | Lair:5   | 12072 ||| Stepping ~*~*~tactically~*~*~ (stealth).
 12078 | Lair:5   | 12078 ||| INVOKING Heroism.
 12101 | Lair:5   | 12101 ||| Stepping ~*~*~tactically~*~*~ (stealth).
 12103 | Lair:5   | 12103 ||| Stepping ~*~*~tactically~*~*~ (hiding).
 12121 | Lair:5   | Received a gift from Okawaru
 12128 | Lair:5   | 12128 ||| INVOKING Heroism.
 12148 | Lair:5   | Reached skill level 9 in Armour
 12210 | Lair:5   | 12210 ||| Stepping ~*~*~tactically~*~*~ (stealth).
 12237 | Lair:5   | 12237 ||| Stepping ~*~*~tactically~*~*~ (stealth).
 12263 | Lair:5   | 12263 ||| INVOKING Heroism.
 12264 | Lair:5   | 12264 ||| INVOKING Finesse.
 12300 | Lair:5   | 12300 ||| INVOKING Heroism.
 12312 | Lair:5   | Gained mutation: Your large and strong wings let you fly.
                  | [Gargoyle growth]
 12312 | Lair:5   | Reached XP level 14. HP: 87/87 MP: 17/21
 12322 | Lair:5   | 12322 ||| Stepping ~*~*~tactically~*~*~ (stealth).
 12323 | Lair:5   | 12323 ||| Stepping ~*~*~tactically~*~*~ (stealth).
 12324 | Lair:5   | 12324 ||| Stepping ~*~*~tactically~*~*~ (stealth).
 12325 | Lair:5   | 12325 ||| Stepping ~*~*~tactically~*~*~ (stealth).
 12326 | Lair:5   | 12326 ||| Stepping ~*~*~tactically~*~*~ (stealth).
 12371 | Lair:5   | 12371 ||| Stepping ~*~*~tactically~*~*~ (stealth).
 12398 | Lair:5   | 12398 ||| Stepping ~*~*~tactically~*~*~ (stealth).
 12402 | Lair:5   | 12402 ||| INVOKING Heroism.
 12404 | Lair:5   | 12404 ||| Stepping ~*~*~tactically~*~*~ (stealth).
 12429 | Lair:5   | 12429 ||| Stepping ~*~*~tactically~*~*~ (stealth).
 12472 | Lair:5   | 12472 ||| INVOKING Heroism.
 12507 | Lair:5   | 12507 ||| Stepping ~*~*~tactically~*~*~ (stealth).
 12572 | Lair:5   | 12572 ||| Stepping ~*~*~tactically~*~*~ (stealth).
 12819 | Lair:5   | 12819 ||| DROPPING +2 heavy flail.
 13092 | Lair:5   | 13092 ||| Stepping ~*~*~tactically~*~*~ (stealth).
 13093 | Lair:5   | 13093 ||| Stepping ~*~*~tactically~*~*~ (stealth).
 13329 | Lair:5   | 13329 ||| PLANNING D:1-11
 13329 | Lair:5   | 13329 ||| UPGRADING to amulet of faith.
 13334 | Lair:5   | 13334 ||| DROPPING ring of wizardry.
 13335 | Lair:5   | 13335 ||| READING 4 scrolls of identify.
 13335 | Lair:5   | 13335 ||| IDENTIFYING sedimented clear potion
 13336 | Lair:5   | 13336 ||| DROPPING potion of berserk rage.
 13615 | D:9      | 13615 ||| Stepping ~*~*~tactically~*~*~ (stealth).
 13657 | D:9      | 13657 ||| Stepping ~*~*~tactically~*~*~ (hiding).
 13659 | D:9      | 13659 ||| Stepping ~*~*~tactically~*~*~ (hiding).
 13662 | D:9      | 13662 ||| DRINKING 8 potions of curing.
 13662 | D:9      | 13662 ||| (to cure confusion)
 13665 | D:9      | 13665 ||| DRINKING 7 potions of curing.
 13665 | D:9      | 13665 ||| (to cure confusion)
 13667 | D:9      | 13667 ||| DRINKING 6 potions of curing.
 13667 | D:9      | 13667 ||| (to cure confusion)
 13773 | D:9      | 13773 ||| Stepping ~*~*~tactically~*~*~ (stealth).
 14011 | D:9      | 14011 ||| READING 3 scrolls of identify.
 14011 | D:9      | 14011 ||| IDENTIFYING glowing green potion
 14028 | D:10     | Entered Level 10 of the Dungeon
 14044 | D:10     | Noticed Maurice
 14057 | D:10     | Killed Maurice
 14131 | D:10     | Noticed Lodul
 14142 | D:10     | Killed Lodul
 14161 | D:10     | Received a gift from Okawaru
 14189 | D:10     | Noticed Erica
 14190 | D:10     | 14190 ||| INVOKING Heroism.
 14191 | D:10     | 14191 ||| INVOKING Finesse.
 14199 | D:10     | Killed Erica
 14402 | D:10     | Found a staircase to the Orcish Mines.
 14416 | D:10     | Noticed Urug
 14417 | D:10     | 14417 ||| Stepping ~*~*~tactically~*~*~ (hiding).
 14418 | D:10     | 14418 ||| Stepping ~*~*~tactically~*~*~ (hiding).
 14422 | D:10     | 14422 ||| INVOKING Heroism.
 14423 | D:10     | 14423 ||| INVOKING Finesse.
 14435 | D:10     | Killed Urug
 14501 | D:10     | 14501 ||| INVOKING Heroism.
 14944 | D:11     | Found Koanoh's Magic Scroll Boutique.
 14953 | D:11     | 14953 ||| BUYING scroll of acquirement (676 gold).
 14953 | D:11     | Bought a scroll of acquirement for 676 gold pieces
 14953 | D:11     | 14953 ||| BUYING scroll of identify (26 gold).
 14953 | D:11     | Bought a scroll of identify for 26 gold pieces
 14953 | D:11     | 14953 ||| BUYING scroll of identify (26 gold).
 14953 | D:11     | Bought a scroll of identify for 26 gold pieces
 14953 | D:11     | 14953 ||| BUYING scroll of identify (26 gold).
 14953 | D:11     | Bought a scroll of identify for 26 gold pieces
 14953 | D:11     | 14953 ||| BUYING scroll of identify (26 gold).
 14953 | D:11     | Bought a scroll of identify for 26 gold pieces
 14953 | D:11     | 14953 ||| BUYING scroll of identify (26 gold).
 14953 | D:11     | Bought a scroll of identify for 26 gold pieces
 14953 | D:11     | 14953 ||| BUYING scroll of teleportation (39 gold).
 14953 | D:11     | Bought a scroll of teleportation for 39 gold pieces
 14953 | D:11     | 14953 ||| READING scroll of acquirement.
 14953 | D:11     | 14953 ||| ACQUIRING 643 gold pieces
 14953 | D:11     | Acquired 643 gold pieces
 15216 | D:11     | Found a broken altar of Ashenzari.
 15361 | D:11     | 15361 ||| INVOKING Heroism.
 15373 | D:11     | Reached skill level 15 in Shields
 15413 | D:11     | 15413 ||| PLANNING D
 15503 | D:12     | Received a gift from Okawaru
 15520 | D:12     | Identified the +0 pair of gloves of the Moon {rPois Str+5}
 15627 | D:12     | 15627 ||| INVOKING Heroism.
 15653 | D:12     | Reached skill level 3 in Dodging
 15771 | D:12     | Found Foen's Assorted Antiques.
 15773 | D:12     | 15773 ||| INVOKING Heroism.
 15913 | D:12     | 15913 ||| BUYING scroll of teleportation (78 gold).
 15913 | D:12     | Bought a scroll of teleportation for 78 gold pieces
 15913 | D:12     | 15913 ||| BUYING shiny helmet (195 gold).
 15913 | D:12     | Bought a shiny helmet for 195 gold pieces
 15952 | D:12     | 15952 ||| INVOKING Heroism.
 16266 | D:12     | 16266 ||| UPGRADING to +0 pair of gloves of the Moon {rPois
                  | Str+5}.
 16276 | D:12     | 16276 ||| DROPPING +2 pair of gloves.
 16277 | D:12     | 16277 ||| DROPPING +0 helmet.
 16303 | D:13     | 16303 ||| Stepping ~*~*~tactically~*~*~ (hiding).
 16339 | D:13     | Found Bafuwyab's Fire Supplies.
 16377 | D:13     | Found a gate to the Vaults.
 16480 | D:13     | 16480 ||| Stepping ~*~*~tactically~*~*~ (hiding).
 16581 | D:13     | Found an iron altar of Okawaru.
 16664 | D:13     | 16664 ||| Stepping ~*~*~tactically~*~*~ (hiding).
 16801 | D:13     | 16801 ||| DROPPING ring of ice.
 16860 | D:14     | Noticed Snorg
 16861 | D:14     | 16861 ||| INVOKING Heroism.
 16862 | D:14     | 16862 ||| INVOKING Finesse.
 16870 | D:14     | Killed Snorg
 16870 | D:14     | Identified the +1 pair of gloves "Meleop" {Will+} (Okawaru
                  | gifted it to you on level 14 of the Dungeon)
 16870 | D:14     | Received a gift from Okawaru
 16871 | D:14     | Reached XP level 15. HP: 92/92 MP: 15/22
 16876 | D:14     | 16876 ||| Stepping ~*~*~tactically~*~*~ (stealth).
 16877 | D:14     | 16877 ||| Stepping ~*~*~tactically~*~*~ (stealth).
 16879 | D:14     | 16879 ||| Stepping ~*~*~tactically~*~*~ (stealth).
 16919 | D:14     | 16919 ||| Stepping ~*~*~tactically~*~*~ (stealth).
 16921 | D:14     | 16921 ||| Stepping ~*~*~tactically~*~*~ (hiding).
 16969 | D:14     | 16969 ||| Stepping ~*~*~tactically~*~*~ (hiding).
 16992 | D:14     | 16992 ||| Stepping ~*~*~tactically~*~*~ (stealth).
 16995 | D:14     | 16995 ||| INVOKING Heroism.
 17106 | D:14     | 17106 ||| Stepping ~*~*~tactically~*~*~ (hiding).
 17112 | D:14     | 17112 ||| Stepping ~*~*~tactically~*~*~ (hiding).
 17151 | D:14     | 17151 ||| Stepping ~*~*~tactically~*~*~ (stealth).
 17475 | D:14     | 17475 ||| FLEEEEING.
 17477 | D:14     | 17477 ||| FLEEEEING.
 17478 | D:14     | 17478 ||| FLEEEEING.
 17479 | D:14     | 17479 ||| FLEEEEING.
 17480 | D:14     | 17480 ||| FLEEEEING.
 17481 | D:14     | 17481 ||| FLEEEEING.
 17482 | D:14     | 17482 ||| FLEEEEING.
 17483 | D:14     | 17483 ||| FLEEEEING.
 17484 | D:14     | 17484 ||| FLEEEEING.
 17488 | D:14     | 17488 ||| FLEEEEING.
 17489 | D:14     | 17489 ||| FLEEEEING.
 17490 | D:14     | 17490 ||| FLEEEEING.
 17491 | D:14     | 17491 ||| FLEEEEING.
 17492 | D:14     | 17492 ||| FLEEEEING.
 17493 | D:14     | 17493 ||| FLEEEEING.
 17494 | D:14     | 17494 ||| FLEEEEING.
 17495 | D:14     | 17495 ||| FLEEEEING.
 17496 | D:14     | 17496 ||| FLEEEEING.
 17497 | D:14     | 17497 ||| FLEEEEING.
 17498 | D:14     | 17498 ||| FLEEEEING.
 17499 | D:14     | 17499 ||| FLEEEEING.
 17501 | D:14     | 17501 ||| STAIRDANCE
 17592 | D:13     | 17592 ||| DROPPING +1 pair of gloves "Meleop" {Will+}.
 17593 | D:13     | 17593 ||| READING 10 scrolls of identify.
 17593 | D:13     | 17593 ||| IDENTIFYING puce potion
 17594 | D:13     | 17594 ||| DROPPING potion of degeneration.
 17597 | D:14     | 17597 ||| Stepping ~*~*~tactically~*~*~ (hiding).
 17778 | D:15     | Entered Level 15 of the Dungeon
 17823 | D:15     | 17823 ||| INVOKING Heroism.
 17947 | D:15     | 17947 ||| INVOKING Heroism.
 17949 | D:15     | 17949 ||| INVOKING Finesse.
 17960 | D:15     | Noticed Agnes
 17961 | D:15     | Reached skill level 16 in Shields
 17970 | D:15     | 17970 ||| SWAPPING to +0 morningstar.
 17993 | D:15     | Killed Agnes
 18000 | D:15     | 18000 ||| SWAPPING to +5 broad axe of the Seer {vamp,
                  | Dex+3}.
 18034 | D:15     | Found a staircase to the Depths.
 18058 | D:15     | 18058 ||| Stepping ~*~*~tactically~*~*~ (stealth).
 18059 | D:15     | 18059 ||| Stepping ~*~*~tactically~*~*~ (stealth).
 18098 | D:15     | 18098 ||| INVOKING Heroism.
 18099 | D:15     | 18099 ||| Stepping ~*~*~tactically~*~*~ (hiding).
 18100 | D:15     | 18100 ||| Stepping ~*~*~tactically~*~*~ (hiding).
 18161 | D:15     | 18161 ||| INVOKING Heroism.
 18170 | D:15     | Identified the +1 cloak of Knowledge {Dex+3} (Okawaru
                  | gifted it to you on level 15 of the Dungeon)
 18170 | D:15     | Received a gift from Okawaru
 18259 | D:15     | 18259 ||| DROPPING +3 war axe.
 18260 | D:15     | 18260 ||| DROPPING +2 heavy war axe.
 18619 | D:15     | 18619 ||| PLANNING ORC
 18710 | Orc:1    | Entered Level 1 of the Orcish Mines
 18711 | Orc:1    | 18711 ||| INVOKING Heroism.
 18712 | Orc:1    | 18712 ||| INVOKING Finesse.
 18750 | Orc:1    | Reached skill level 15 in Axes
 18762 | Orc:1    | 18762 ||| INVOKING Heroism.
 18789 | Orc:1    | 18789 ||| INVOKING Heroism.
 18956 | Orc:1    | 18956 ||| Stepping ~*~*~tactically~*~*~ (stealth).
 18959 | Orc:1    | 18959 ||| INVOKING Heroism.
 18975 | Orc:1    | Gained mutation: [You do not regenerate when monsters are
                  | visible.] [a neqoxec]
 18998 | Orc:1    | 18998 ||| DRINKING 2 potions of mutation.
 18998 | Orc:1    | Lost mutation: You are strong-willed. (Will+) [potion of
                  | mutation]
 18998 | Orc:1    | Lost mutation: [You do not regenerate when monsters are
                  | visible.] [potion of mutation]
 18998 | Orc:1    | Lost mutation: You have sharp toenails. [potion of
                  | mutation]
 18998 | Orc:1    | Gained mutation: You have sharp toenails. [potion of
                  | mutation]
 18998 | Orc:1    | Lost mutation: You are partially covered in iridescent
                  | scales. (AC +2) [potion of mutation]
 18998 | Orc:1    | Gained mutation: [Your body sometimes deteriorates upon
                  | taking damage.] [potion of mutation]
 19007 | Orc:1    | 19007 ||| INVOKING Heroism.
 19012 | Orc:1    | 19012 ||| Stepping ~*~*~tactically~*~*~ (stealth).
 19015 | Orc:1    | 19015 ||| Stepping ~*~*~tactically~*~*~ (stealth).
 19016 | Orc:1    | 19016 ||| Stepping ~*~*~tactically~*~*~ (stealth).
 19034 | Orc:1    | 19034 ||| Stepping ~*~*~tactically~*~*~ (stealth).
 19194 | Orc:1    | 19194 ||| Stepping ~*~*~tactically~*~*~ (stealth).
 19199 | Orc:1    | 19199 ||| Stepping ~*~*~tactically~*~*~ (stealth).
 19219 | Orc:1    | Noticed an orc warlord
 19220 | Orc:1    | 19220 ||| INVOKING Heroism.
 19233 | Abyss:3  | Cast into level 3 of the Abyss (orc warlord)
 19246 | Abyss:3  | 19246 ||| Stepping ~*~*~tactically~*~*~ (stealth).
 19248 | Abyss:3  | 19248 ||| Stepping ~*~*~tactically~*~*~ (stealth).
 19283 | Abyss:3  | 19283 ||| Stepping ~*~*~tactically~*~*~ (stealth).
 19287 | Abyss:3  | 19287 ||| INVOKING Heroism.
 19299 | Abyss:3  | Noticed a profane servitor
 19305 | Abyss:3  | HP: 12/76 [wretched star/lance of force (25)]
 19307 | Abyss:3  | HP: 5/76 [raiju/living lightning (3)]
 19308 | Abyss:3  | Mangled by a profane servitor

Levels and vault maps discovered:
D:1:      nzn_arrival_depleted_hourglass, layout_basic
D:2:      layout_basic, minmay_distorted
D:3:      layout_basic, good_gods_mini_temple, lemuel_tele_altar,
          nicolae_gozag_zags_fifth_avenue, uniq_jessica, uniq_grinder,
          uniq_crazy_yiuf_cottage
D:4:      layout_gridville, grunt_temple_overflow_open, portal_sewer_entry_a,
          serial_shops, nicolae_shop_advertising_works
          [nicolae_subvault_shop_adworks], uniq_ijyb, uniq_eustachio
D:5:      layout_basic, overflow_temple_1_default
D:6:      wander_river, layout_rooms, minmay_temple_entry_junction_2,
          hellmonk_ghost_happy_afterlife, uniq_sigmund
D:7:      layout_cave_pools, kennysheep_mini_moat, nicolae_figureground_pulse,
          uniq_prince_ribbit1, uniq_pikel, uniq_menkaure
D:8:      layout_basic, mainiacjoe_overflow_concentric_impassable,
          hellmonk_lair_entry_icy
D:9:      layout_stronghold
D:10:     layout_small_grid, orc_0_dummy, uniq_lodul, uniq_erica, uniq_maurice,
          uniq_urug
D:11:     layout_cave_pools, serial_shops, shop, nicolae_ashenzari_skybound
D:12:     statuecave_lemuel, layout_rooms, serial_shops, shop
D:13:     layout_rooms, david_vaults_2, nicolae_shop_fire_sale
          [nicolae_sub_dead_trees], okawaru_trees_1
D:14:     layout_rooms, uniq_snorg
D:15:     hangedman_depths_entry_civil_slaughter, layout_basic,
          roderic_roman_lattice, uniq_agnes
Temple:   hellmonk_temple_micro_hex
Lair:1:   layout_chaotic_city, chequers_serial_rivers_room_a,
          nicolae_quartered_pool_medium, serial_bayou_ford_a,
          nicolae_lair_lil_pond, serial_bayou_shore_a
Lair:2:   layout_roguey, guppyfry_snake_entry_garden, forest_entry_grove,
          grunt_megastairs_4, lemuel_fruit_tree, uniq_gastronok, uniq_maggie
Lair:3:   layout_chaotic_city, minmay_shoals_entry_hut,
          ebering_ghost_funeral_grove
Lair:4:   layout_long_grid, slime_entry_2, grunt_forest_large_clearing_hut,
          uniq_kirke
Lair:5:   minmay_lair_end_enchanted_forest, layout_layer_cave
Orc:1:    cheibrodos_orc_arena, layout_caves, guppyfry_orc_lava_fort
Abyss:3:  base: Temple, minivault_20

Skill      XL: |  1  2  3  4  5  6  7  8  9 10 11 12 13 14 15 |
---------------+----------------------------------------------+-----
Axes           | 2 3 4 5 6 7 9 10 11 12 14 15 | 15.0
Shields        | 6 7 8 9 10 11 13 14 15 16 | 16.0
Fighting       | 4 6 7 8 9 10 11 | 11.6
Armour         | 4 5 7 8 9 10 11 | 11.0
Throwing       | 2 3 4 5 |  5.1
Dodging        | 1 2 3 |  3.2
Invocations    | 1 4 5 9 10 | 10.0

Action                     |  1- 3 |  4- 6 |  7- 9 | 10-12 | 13-15 || total
---------------------------+-------+-------+-------+-------+-------++-------
  Melee: War axe           |    95 |    92 |   238 |   339 |       ||   764
         Broad axe         |       |       |       |    36 |   938 ||   974
         Flail             |       |       |       |       |    11 ||    11
         Morningstar       |       |       |       |       |    29 ||    29
  Throw: Javelin           |       |       |    12 |    66 |   140 ||   218
         Boomerang         |       |       |       |       |    48 ||    48
 Invoke: Heroism           |       |       |     1 |    24 |    34 ||    59
         Finesse           |       |       |       |     1 |     7 ||     8
    Use: Scroll            |     9 |     2 |     4 |     6 |     5 ||    26
         Potion            |     3 |       |     5 |     3 |     4 ||    15
 Armour: Scale mail        |    32 |    32 |       |       |       ||    64
         Chain mail        |       |    27 |    93 |       |       ||   120
         Plate armour      |       |       |   120 |   291 |   485 ||   896
  Dodge: Dodged            |    46 |    21 |    69 |    88 |   208 ||   432
  Block: Buckler           |    10 |       |       |       |       ||    10
         Tower shield      |     5 |    70 |   288 |   415 |   892 ||  1670

Table legend:
 A = Non-vault XP
 B = Vault XP
 C = Vault XP percentage of total XP
 D = Non-vault monster count
 E = Vault monster count
 F = Vault count percentage of total count
                 A         B        C        D         E       F
            +---------+---------+-------+---------+---------+-------
      Total |   84416 |   39503 |  31.9 |     397 |     162 |  29.0
            +---------+---------+-------+---------+---------+-------
        D:1 |      39 |       0 |   0.0 |      24 |       0 |   0.0
        D:2 |      12 |       4 |  25.0 |       6 |       2 |  25.0
        D:3 |      81 |     318 |  79.7 |      17 |       2 |  10.5
        D:4 |     197 |     227 |  53.5 |      17 |       4 |  19.0
        D:5 |     918 |       0 |   0.0 |      16 |       0 |   0.0
        D:6 |     509 |     223 |  30.5 |       9 |       1 |  10.0
        D:7 |     947 |    1505 |  61.4 |      13 |       6 |  31.6
        D:8 |    1683 |    1000 |  37.3 |      18 |       6 |  25.0
        D:9 |    2329 |       0 |   0.0 |      27 |       0 |   0.0
       D:10 |     876 |    3602 |  80.4 |       3 |      10 |  76.9
       D:11 |    2021 |       0 |   0.0 |      10 |       0 |   0.0
       D:12 |   10028 |       0 |   0.0 |      28 |       0 |   0.0
       D:13 |    3657 |    1610 |  30.6 |      12 |       3 |  20.0
       D:14 |    9432 |     917 |   8.9 |      24 |       1 |   4.0
       D:15 |   10865 |    5582 |  33.9 |      19 |       7 |  26.9
     Lair:1 |    2450 |       0 |   0.0 |      11 |       0 |   0.0
     Lair:2 |    4513 |    3640 |  44.6 |      14 |      13 |  48.1
     Lair:3 |    2837 |     241 |   7.8 |      13 |       1 |   7.1
     Lair:4 |   10161 |    4066 |  28.6 |      30 |      10 |  25.0
     Lair:5 |   16243 |    8199 |  33.5 |      52 |      41 |  44.1
      Orc:1 |    3313 |    8025 |  70.8 |      31 |      29 |  48.3
    Abyss:3 |    1305 |       0 |   0.0 |       3 |       0 |   0.0
      Sewer |       0 |     344 | 100.0 |       0 |      26 | 100.0
            +---------+---------+-------+---------+---------+-------
